 Dungeon Crawl Stone Soup version 0.29-a0-993-g4a18f31a58 (webtiles) character file.

Game seed: 8378084358425118652

499056 manyhoops the Middleweight Champion (level 22, -11/313 HPs)
             Began as a Demigod Transmuter on Aug 2, 2022.
             Mangled by a white very ugly thing (50 damage)
             ... on level 2 of the Depths.
             The game lasted 02:02:07 (62146 turns).

manyhoops the Middleweight Champion (DgTm)         Turns: 62146, Time: 02:02:07

Health: -11/313    AC: 16    Str: 59    XL:     22   Next: 66%
Magic:  42/42      EV: 10    Int: 19    God:
Gold:   4236       SH:  0    Dex: 10    Spells: 11/42 levels left

rFire   + + .      SeeInvis .     - Unarmed
rCold   . . .      Faith    .   (shield currently unavailable)
rNeg    + . .      Spirit   .   (body armour currently unavailable)
rPois   +          Reflect  .   (helmet currently unavailable)
rElec   .          Harm     .   (cloak currently unavailable)
rCorr   .          Rampage  .   (gloves currently unavailable)
Will    ++...                   (boots currently unavailable)
Stlth   ++........              G - amulet of regeneration
HPRegen 1.42/turn               H - ring of the Harvest {rC+ Str+6 Dex+2}
MPRegen 0.28/turn               T - ring of Demons {rN+ Int+2 Dex-4 Slay+4 Stlth+}

@: dragon-form, flying, studying Ice Magic
A: dragon claw, dragon scales, breathe fire, flying, boosted hp, giant, high MP
1, forlorn, divine attributes, (antennae 1), strong 2
}: 3/15 runes: serpentine, barnacled, silver
a: Breathe Fire, End Transformation


You were on level 2 of the Depths.
You were a fearsome dragon!
You visited 8 branches of the dungeon, and saw 40 of its levels.
You visited the Abyss 1 time.
You also visited: Ossuary and Ice Cave.

You collected 6941 gold pieces.
You spent 2705 gold pieces at shops.

Inventory:

Missiles
 S - 7 throwing nets
Armour
 e - a +2 pair of gloves of infusion (melded)
 f - the +3 ring mail of Wirotabo {rC+ Str+6 Slay-4}
   (You found it on level 2 of the Crypt)

   Str:       It affects your strength (+6).
   Slay:      It affects your accuracy & damage with ranged weapons and melee
   (-4).
   rC:        It protects you from cold.
 C - a scarf of resistance (melded)
 K - a +2 pair of boots (melded)
 N - the +3 hat of Xurratao (melded) {Will+}
   (You found it on level 3 of the Vaults)

   Will:      It increases your willpower.
 Z - the +4 ring mail "Dioviegh" (melded) {Str+3 Int+3}
   (You found it on level 12 of the Dungeon)

   Str:       It affects your strength (+3).
   Int:       It affects your intelligence (+3).
Magical Staves
 z - a staff of air
Jewellery
 a - an amulet of reflection
 i - a +4 ring of protection
 k - a +4 ring of slaying
 F - a ring of protection from fire
 G - an amulet of regeneration (around neck)
 H - the ring of the Harvest (left foreclaw) {rC+ Str+6 Dex+2}
   (You acquired it on level 9 of the Dungeon)

   [ring of strength]

   Str:       It affects your strength (+6).
   Dex:       It affects your dexterity (+2).
   rC:        It protects you from cold.
 P - a ring of ice
 T - the ring of Demons (right foreclaw) {rN+ Int+2 Dex-4 Slay+4 Stlth+}
   (You found it on level 4 of the Lair of Beasts)

   [ring of slaying]

   Int:       It affects your intelligence (+2).
   Dex:       It affects your dexterity (-4).
   Slay:      It affects your accuracy & damage with ranged weapons and melee
   (+4).
   rN:        It protects you from negative energy.
   Stlth:     It makes you more stealthy.
 U - a ring of protection from cold
 V - the ring "Zunassai" {Wiz rN++ Str-3 Dex+2 Stlth+}
   (You found it on level 12 of the Dungeon)

   [ring of wizardry]

   It improves your spell success rate.
   Str:       It affects your strength (-3).
   Dex:       It affects your dexterity (+2).
   rN:        It greatly protects you from negative energy.
   Stlth:     It makes you more stealthy.
 W - the ring of Satisfaction {EV+4 Int+3}
   (You took it off a merfolk impaler on level 1 of the Shoals)

   [ring of evasion]

   EV:        It affects your evasion (+4).
   Int:       It affects your intelligence (+3).
 Y - a ring of resist corrosion
Wands
 L - a wand of roots (23)
 M - a wand of digging (8) (quivered)
 X - a wand of acid (9)
Scrolls
 c - 29 scrolls of identify
 d - 12 scrolls of fear
 g - 6 scrolls of magic mapping
 j - 4 scrolls of poison
 l - 3 scrolls of summoning
 m - 7 scrolls of amnesia
 r - 20 scrolls of teleportation
 s - 9 scrolls of enchant armour
 t - 6 scrolls of butterflies
 u - 6 scrolls of blinking
 y - a scroll of silence
 D - 8 scrolls of noise
 E - 4 scrolls of torment
 I - 2 scrolls of immolation
Potions
 b - 6 potions of lignification
 h - 33 potions of curing
 n - 7 potions of flight
 o - 6 potions of invisibility
 p - 9 potions of might
 q - 10 potions of brilliance
 v - 5 potions of haste
 w - a potion of ambrosia
 x - 2 potions of berserk rage
 A - 2 potions of resistance
 B - 12 potions of heal wounds
 J - 7 potions of mutation
 O - 3 potions of magic
 Q - 10 potions of attraction
 R - 2 potions of cancellation


   Skills:
 * Level 19.8 Fighting
 - Level 4.1 Armour
 * Level 9.6 Dodging
 O Level 27 Unarmed Combat
 - Level 10.6 Spellcasting
 - Level 8.1 Translocations
 - Level 15.2 Transmutations
 - Level 3.4 Ice Magic


You had 11 spell levels left.
You knew the following spells:

 Your Spells              Type           Power      Damage    Failure   Level
a - Beastly Appendage     Tmut           100%       N/A       0%          1
b - Wereblood             Tmut           61%        N/A       1%          2
c - Ice Form              Ice/Tmut       45%        N/A       1%          4
d - Blade Hands           Tmut           30%        N/A       1%          5
e - Blink                 Tloc           82%        N/A       1%          2
f - Dragon Form           Tmut           30%        N/A       12%         7
g - Ozocubu's Armour      Ice            23%        N/A       4%          3
h - Manifold Assault      Tloc           41%        N/A       7%          5
i - Passwall              Tmut/Erth      32%        N/A       1%          2

Your spell library contained the following spells:

 Spells                   Type           Power      Damage    Failure   Level
 Apportation              Tloc           82%        N/A       1%          1
 Freeze                   Ice            92%        1d10      1%          1
 Sting                    Tmut/Pois      100%       1d8       1%          1
 Gell's Gravitas          Tloc           41%        N/A       1%          3
 Spider Form              Tmut/Pois      39%        N/A       1%          3
 Teleport Other           Tloc           41%        N/A       1%          3
 Ignite Poison            Fire/Tmut/Pois 29%        N/A       2%          3
 Passage of Golubria      Tloc           41%        N/A       2%          4
 Portal Projectile        Hex/Tloc       50%        N/A       3%          3
 Frozen Ramparts          Ice            46%        1d12      4%          3
 Ensorcelled Hibernation  Hex/Ice        32%        N/A       5%          2
 Foxfire                  Conj/Fire      40%        2x1d6     7%          1
 Necrotise                Necr           40%        1d6       7%          1
 Sandblast                Erth           20%        2d7       7%          1
 Slow                     Hex            40%        N/A       7%          1
 Alistair's Intoxication  Tmut/Pois      26%        N/A       9%          5
 Irradiate                Conj/Tmut      19%        3d18      9%          5
 Yara's Violent Unravell  Hex/Tmut       19%        3d9       9%          5
 Poisonous Vapours        Pois/Air       20%        N/A       11%         2
 Iskenderun's Mystic Bla  Conj/Tloc      25%        2d7       13%         4
 Call Canine Familiar     Summ           10%        N/A       21%         3
 Confusing Touch          Hex            10%        N/A       21%         3
 Conjure Flame            Conj/Fire      10%        6-21      21%         3
 Inner Flame              Hex/Fire       10%        N/A       21%         3
 Stone Arrow              Conj/Erth      20%        3d8       21%         3
 Swiftness                Air            10%        N/A       21%         3
 Tukima's Dance           Hex            10%        N/A       21%         3
 Vampiric Draining        Necr           10%        2d6       21%         3
 Hailstorm                Conj/Ice       16%        3d6       34%         4
 Summon Ice Beast         Ice/Summ       16%        N/A       34%         4
 Dispersal                Tloc           20%        N/A       36%         6
 Eringya's Noxious Bog    Tmut/Pois      19%        N/A       43%         6
 Airstrike                Air            5%         2d(1-17)  56%         4
 Animate Armour           Summ/Erth      20%        N/A       56%         4
 Animate Dead             Necr           10%        N/A       56%         4
 Cause Fear               Hex            5%         N/A       56%         4
 Corpse Rot               Necr/Pois/Air  10%        N/A       56%         4
 Flame Wave               Conj/Fire      10%        2d6       56%         4
 Fulminant Prism          Conj/Hex       5%         3d7       56%         4
 Leda's Liquefaction      Hex/Erth       5%         N/A       56%         4
 Olgreb's Toxic Radiance  Pois           10%        N/A       56%         4
 Sticky Flame             Conj/Fire      10%        2d3       56%         4
 Summon Lightning Spire   Summ/Air       10%        N/A       56%         4
 Freezing Cloud           Conj/Ice/Air   7%         6-21      77%         5
 Agony                    Necr           10%        N/A       88%         5
 Borgnjor's Vile Clutch   Necr/Erth      5%         N/A       88%         5
 Iskenderun's Battlesphe  Conj           10%        2d6       88%         5
 Lee's Rapid Deconstruct  Erth           5%         3d7*      88%         5
 Lightning Bolt           Conj/Air       5%         1d17      88%         5
 Silence                  Hex/Air        5%         N/A       88%         5
 Summon Mana Viper        Hex/Summ       10%        N/A       88%         5
 Storm Form               Tmut/Air       19%        N/A       95%         7
 Death Channel            Necr           5%         N/A       100%        6
 Iron Shot                Conj/Erth      5%         9d2       100%        6
 Enfeeble                 Hex            5%         N/A       100%        7
 Haunt                    Necr/Summ      5%         N/A       100%        7
 Monstrous Menagerie      Summ           5%         N/A       100%        7
 Ozocubu's Refrigeration  Ice            11%        4d10      100%        7
 Spellforged Servitor     Conj/Summ      5%         N/A       100%        7
 Discord                  Hex            5%         N/A       100%        8
 Disjunction              Tloc           20%        N/A       100%        8
 Infestation              Necr           5%         N/A       100%        8
 Lehudib's Crystal Spear  Conj/Erth      5%         10d3      100%        8
 Death's Door             Necr           5%         N/A       100%        9


Dungeon Overview and Level Annotations

Branches:
Dungeon (15/15)            Temple (0/1) D:7            Lair (5/5) D:8
 Shoals (4/4) Lair:3        Snake (4/4) Lair:2        Slime (0/5) Lair:4
    Orc (2/2) D:12            Elf (0/3) Orc:2        Vaults (5/5) D:14
  Crypt (3/3) Vaults:3       Tomb (0/3) Crypt:3      Depths (2/4) D:15
Ossuary (visited)           IceCv (visited)

Shops:
Orc:2 :::   Shoals:1 =   Shoals:4 ?*   Snake:1 !?   Snake:3 *   Vaults:4 *
Depths:1 *??:

Portals:
Hell: Depths:1
Abyss: Depths:1

Annotations:
D:11 1 runed translucent door


Innate Abilities, Weirdness & Mutations

You are a fearsome dragon!
You have a powerful clawing attack.
Your giant scaled body is strong and resiliant, but less evasive.
You can breathe fire.
You are flying.
Your maximum health is greatly increased.
Your armour is entirely melded.
You are incapable of wielding weapons or throwing items.
You have an increased reservoir of magic. (+10% MP)
You shall have no god before yourself.
Your divine heritage dramatically boosts your attributes as you level up.
((You have a pair of small antennae on your head.))
Your muscles are very strong. (Str +8, Int/Dex -2)


Message History

You kill the white ugly thing!
You maul the frost giant!!!
You bite the frost giant!
The frost giant is heavily wounded.
You hear a horrible gurgling sound!
You claw the frost giant!
The frost giant is severely wounded.
The frost giant gestures at you while chanting.
The bolt of cold hits you!!
You maul the frost giant!!!!!
You kill the frost giant!
The stone giant throws a large rock.
The large rock hits you!!!
A stone giant comes into view.
You maul the white ugly thing!!!!
You kill the white ugly thing!
A white very ugly thing comes into view.
The stone giant throws a large rock.
The large rock hits you!!
The white very ugly thing trunk-slaps you.
The white very ugly thing freezes you!!
The stone giant throws a large rock.
The large rock hits you!!
A stone giant comes into view.
You see here an ugly thing corpse.
Unknown command.
The white very ugly thing attacks as you move away!
The white very ugly thing trunk-slaps you but does no damage.
The white very ugly thing attacks as you move away!
The white very ugly thing trunk-slaps you!
The white very ugly thing freezes you!!!
* * * LOW HITPOINT WARNING * * *
The stone giant throws a large rock.
The large rock barely misses you.
The white very ugly thing attacks as you move away!
The white very ugly thing trunk-slaps you.
* * * LOW HITPOINT WARNING * * *
The white very ugly thing freezes you!!!
* * * LOW HITPOINT WARNING * * *
Unknown command.
The white very ugly thing attacks as you move away!
The white very ugly thing trunk-slaps you!
* * * LOW HITPOINT WARNING * * *
The white very ugly thing freezes you!!!
You die...

.......).......#
....>..........#
.....#.........#
.... #.........#
.. #.........#
#.........#
#.........#
######.#..#
#######...uD.#..#
......u†.C#### ..
......C..).....#
..
.................
..
..####...........
. . .............
........#####.
.........#
..........


You could see 2 very ugly things and 2 stone giants.

Vanquished Creatures
  A dread lich (Vaults:5)
  2 ancient liches
  Boris (Vaults:4)
  Saint Roka (Vaults:3)
  A golden dragon (Vaults:5)
  3 bone dragons
  The ghost of theanonym the Minotaur Blade, an adept MiCA of Ignis (Shoals:4)
  6 tentacled monstrosities (Vaults:5)
  Zenata (Vaults:4)
  A titan (Vaults:5)
  6 liches
  Asterion (Vaults:3)
  The ghost of Tuatum the Peltast, an adept TrCA of Hepliaklqana (Snake:2)
  An ancient champion (Crypt:2)
  Agnes (D:15)
  A tentacled starspawn (Abyss:3)
  A kraken (Shoals:3)
  The ghost of eyesofgods1 the Executioner, an adept DsGl of Gozag (Shoals:1)
  2 sphinxes (Vaults:5)
  The ghost of Sinlucw the Warrior, an adept DsBe of Trog (Snake:2)
  Kirke (Lair:4)
  The ghost of Voveif the Covert, an adept VSFi of Uskayaw (Snake:2)
  Polyphemus (Shoals:2)
  2 storm dragons
  Donald (Vaults:3)
  4 tengu reavers
  4 shadow dragons (Vaults:5)
  2 fire giants (Vaults:5)
  2 revenants (Crypt:2)
  6 nagarajas (Snake:4)
  The ghost of Kovve the Destroyer, an adept HuCj of Elyvilon (Snake:2)
  7 frost giants
  2 orc warlords
  Louise (D:14)
  An iron dragon (Vaults:5)
  2 curse skulls
  2 caustic shrike zombies (Crypt:3)
  21 vault wardens
  9 war gargoyles
  12 ghouls
  8 very ugly things
  The ghost of Subbak the Bewitcher, an adept DEAM of Hepliaklqana (Shoals:3)
  32 ironbound preservers
  6 vampire knights
  11 stone giants
  5 ironbound thunderhulks
  5 elemental wellsprings (Shoals:1)
  The ghost of Xemekh the Severer, a journeyman HOFi of Xom (Lair:4)
  2 deep elf demonologists (Vaults:5)
  2 entropy weavers
  A reaper (Depths:1)
  2 rockslime zombies
  4 dire elephants
  The ghost of gabibbone the Eclecticist, a journeyman DjVM of Makhleb (Lair:5)
  The ghost of Atont the Cleaver, a journeyman DDFi of Okawaru (Lair:4)
  An eidolon (Crypt:1)
  5 merfolk javelineers
  3 ettins
  3 deep elf death magi
  The ghost of Narul the Martial Artist, a journeyman DsMo of Ru (Lair:4)
  The ghost of Narul the Martial Artist, a journeyman DsMo of Ru (Lair:4)
  9 yaktaur captains
  10 merfolk impalers
  2 fire dragons
  A spectral kraken (Shoals:1)
  Snorg (D:10)
  10 jiangshi
  3 rakshasas
  An elf skeleton (Crypt:3)
  3 crystal guardians (Crypt:3)
  The ghost of gabibbone the Thaumaturge, a journeyman OpIE of Vehumet (Lair:2)
  2 deep elf high priests (Vaults:5)
  5 great orbs of eyes
  2 ice dragons (Depths:1)
  3 spriggan zombies
  38 vault guards
  A juggernaut simulacrum (Abyss:3)
  Fannar (D:10)
  A salamander tyrant (Snake:4)
  2 peacekeepers
  4 merfolk avatars
  11 hydras
  A hell beast (Depths:1)
  2 spriggan skeletons
  2 catoblepae
  3 ogre magi
  5 boulder beetles
  A fenstrider witch zombie (Crypt:1)
  17 centaur warriors
  8 merfolk aquamancers
  5 death knights
  An anaconda (shapeshifter) (Vaults:5)
  2 caustic shrike simulacra (IceCv)
  10 ironbound frosthearts
  3 two-headed ogres
  10 anacondas
  2 alligator snapping turtles (Shoals:4)
  A fenstrider witch skeleton (Crypt:3)
  10 death yaks
  16 naga warriors
  2 tengu warriors
  3 vampire magi (Crypt:1)
  4 deep troll earth magi
  3 hell hogs (Depths:1)
  5 dancing weapons (Crypt:3)
  A titan zombie (Crypt:3)
  Urug (D:13)
  An orc high priest (Orc:2)
  2 thrashing horrors (Abyss:2)
  10 shock serpents
  Nergalle (Lair:2)
  14 hell knights
  13 naga sharpshooters
  3 wretched stars
  A titan skeleton (Crypt:3)
  An iron troll (D:14)
  2 sun demons (Depths:1)
  2 salamander mystics (Snake:4)
  Sonja (Lair:2)
  2 soul eaters (Depths:1)
  A shadow wraith (Vaults:3)
  2 spectral death yaks (Lair:5)
  31 skeletal warriors
  A spectral anaconda (Lair:5)
  2 storm dragon skeletons (Crypt:3)
  A golden dragon zombie (Crypt:3)
  21 sea snakes
  3 bog bodies
  2 glowing orange brains (Vaults:4)
  75 deep trolls
  3 flayed ghosts
  5 naga ritualists
  3 obsidian statues
  A spriggan simulacrum (Crypt:1)
  16 lindwurms
  11 wizards
  7 phantasmal warriors
  2 deep elf pyromancers
  16 necromancers
  3 orc knights
  26 ironbound convokers
  9 mana vipers
  15 harpies
  An anaconda skeleton (Crypt:3)
  5 orc sorcerers
  2 frost giant skeletons
  13 cyclopes
  A will-o-the-wisp (Abyss:3)
  43 ugly things
  10 salamanders
  19 fauns
  17 manticores
  A sphinx skeleton (Vaults:4)
  A jorogumo skeleton (Crypt:2)
  A stone giant zombie (Crypt:1)
  A shock serpent zombie (Crypt:1)
  2 oklob plants (Shoals:4)
  28 elephants
  30 black mambas
  A stone giant skeleton (Vaults:4)
  8 guardian serpents
  10 merfolk sirens
  2 ice statues (Shoals:3)
  7 gargoyles
  A rust devil (Abyss:2)
  5 smoke demons
  8 water nymphs
  20 vault sentinels
  A black mamba (shapeshifter) (D:14)
  16 naga magi
  A naga skeleton (Crypt:1)
  A storm dragon simulacrum (Vaults:3)
  3 human zombies
  A yellow draconian zombie (Crypt:2)
  2 spectral sea snakes (Shoals:1)
  A komodo dragon (shapeshifter) (Vaults:5)
  13 cane toads
  2 dire elephant skeletons (Lair:5)
  3 ice devils (IceCv)
  3 kobold demonologists (D:12)
  32 yaktaurs
  2 efreet
  A hellion (Depths:1)
  A purple draconian zombie (Crypt:2)
  3 rime drakes
  24 freezing wraiths
  3 tengu conjurers
  3 anaconda simulacra (IceCv)
  4 komodo dragons
  2 golden dragon simulacra (IceCv)
  3 spectral merfolk (Shoals:3)
  A minotaur skeleton (Crypt:1)
  36 merfolk
  A troll (shapeshifter) (Vaults:5)
  10 trolls
  An ancient zyme (Abyss:2)
  A harpy skeleton (Crypt:3)
  3 wind drakes
  A hydra skeleton (Crypt:2)
  A spectral manticore (Shoals:3)
  Prince Ribbit (D:8)
  4 polar bears (Lair:3)
  An ettin zombie (Vaults:4)
  A hornet (D:8)
  2 spectral elephants (Lair:5)
  13 blink frogs
  A raiju (shapeshifter) (Vaults:5)
  7 dream sheep (Lair:4)
  A moth of wrath zombie (Crypt:2)
  32 slime creatures
  A large abomination (Abyss:3)
  8 snapping turtles
  8 wraiths
  A culicivora (Vaults:3)
  27 flying skulls (Crypt:3)
  22 water elementals
  2 centaur simulacra (D:11)
  2 shadows (D:11)
  A wyvern (D:9)
  A black mamba skeleton (Crypt:2)
  3 dire elephant simulacra (IceCv)
  32 yaks
  3 vampires
  Eustachio (D:5)
  3 basilisks
  2 chaos spawn (Abyss:3)
  4 hogs (Lair:4)
  A human simulacrum (Vaults:3)
  A steam dragon (D:6)
  A fire elemental (Lair:5)
  3 vampire mosquitoes (D:12)
  3 redbacks
  A naga zombie (Abyss:2)
  A minotaur simulacrum (IceCv)
  4 harpy simulacra (IceCv)
  3 wargs
  6 small abominations
  2 death yak simulacra (Lair:5)
  A spectral cane toad (Lair:5)
  2 glowing shapeshifter zombies
  29 nagas
  14 water moccasins
  4 acid dragons
  3 spectral snapping turtles (Shoals:1)
  23 orc warriors
  A floating eye (shapeshifter) (D:15)
  An ice beast (D:6)
  2 black bears
  A manticore zombie (Crypt:1)
  4 sky beasts
  A satyr simulacrum (Shoals:3)
  2 elephant zombies (Lair:5)
  8 boggarts
  11 centaurs
  2 alligator simulacra (IceCv)
  2 elephant skeletons (Lair:5)
  7 ogres
  11 wolves
  A dream sheep skeleton (Crypt:1)
  A shining eye zombie (Crypt:1)
  A phantom (D:5)
  2 kobold brigands
  7 bullfrogs
  11 necrophages
  5 water moccasin zombies
  A cane toad simulacrum (Lair:5)
  5 scorpions
  2 deep troll simulacra (IceCv)
  A wyvern skeleton (D:5)
  8 wights
  An elephant simulacrum (Lair:5)
  25 killer bees
  4 manticore simulacra (Shoals:3)
  2 merfolk simulacra (Shoals:3)
  4 electric eels
  A raiju skeleton (Crypt:2)
  4 lindwurm simulacra (IceCv)
  A howler monkey (D:8)
  2 lava snakes (D:10)
  A crimson imp (D:5)
  2 bullfrog zombies (D:5)
  3 centaur zombies
  A bullfrog skeleton (D:5)
  2 centaur skeletons
  17 orc priests
  5 hounds
  4 jellies
  5 iguanas
  30 orc wizards
  A scorpion zombie (D:5)
  A killer bee zombie (D:5)
  An ice beast zombie (Crypt:1)
  2 mummies (Ossuary)
  A howler monkey skeleton (Crypt:1)
  3 gnolls (D:7)
  12 adders
  A shadow imp (D:7)
  A white imp (D:7)
  3 ufetubi
  A worm zombie (D:6)
  5 adder zombies
  2 worms (D:3)
  3 dart slugs
  59 orcs
  6 ball pythons
  6 endoplasms
  7 giant cockroaches
  2 gnoll zombies (Ossuary)
  5 goblins
  4 hobgoblins
  4 jackals (D:1)
  14 kobolds
  5 quokkas
  4 bats
  3 frilled lizards
  A gnoll skeleton (Crypt:1)
  8 hobgoblin zombies (Ossuary)
  4 kobold zombies (Ossuary)
  4 orc zombies (Ossuary)
  2 rats
  3 plants (Shoals:1)
  2 tentacles (Shoals:3)
1845 creatures vanquished.

Vanquished Creatures (others)
  A very ugly thing (Vaults:5)
  A yaktaur captain (Vaults:5)
  An orc warrior (Vaults:5)
  17 fungi
  63 plants
  4 starspawn tentacles
  16 tentacles
  15 withered plants (Lair:5)
118 creatures vanquished.

Grand Total: 1963 creatures vanquished

Notes
Turn   | Place    | Note
-------+----------+-------------------------------------------
     0 | D:1      | manyhoops the Demigod Transmuter began the quest for the
                  | Orb.
     0 | D:1      | Reached XP level 1. HP: 15/15 MP: 5/5
   149 | D:1      | Reached skill level 1 in Fighting
   397 | D:1      | Reached skill level 3 in Unarmed Combat
   402 | D:1      | Reached XP level 2. HP: 18/23 MP: 7/7
  2010 | D:2      | Reached XP level 3. HP: 18/29 MP: 6/8
  2327 | D:3      | Reached skill level 4 in Unarmed Combat
  2601 | D:3      | Reached XP level 4. HP: 36/36 MP: 7/9
  2604 | D:3      | Learned a level 2 spell: Wereblood
  3200 | D:4      | Noticed a necrophage
  3210 | D:4      | Killed a necrophage
  3211 | D:4      | Reached skill level 5 in Unarmed Combat
  3211 | D:4      | Reached XP level 5. HP: 32/42 MP: 8/10
  4191 | D:4      | Found a large runed translucent door.
  4192 | D:4      | Found a large runed translucent door.
  4471 | D:5      | Entered Level 5 of the Dungeon
  4665 | D:5      | Reached XP level 6. HP: 50/50 MP: 7/11
  4720 | D:5      | Reached skill level 6 in Unarmed Combat
  4865 | D:5      | Learned a level 4 spell: Ice Form
  4948 | D:5      | Reached XP level 7. HP: 51/57 MP: 8/13
  5244 | D:5      | Noticed Eustachio
  5264 | D:5      | Killed Eustachio
  5471 | D:5      | Noticed a shadow
  5554 | D:5      | Reached XP level 8. HP: 56/63 MP: 16/16
  5731 | D:6      | Reached skill level 5 in Transmutations
  5750 | D:6      | Found a sand-covered staircase.
  5757 | Ossuary  | Entered an ossuary
  6716 | D:6      | Got the Compilation of the Glacier
  6945 | D:6      | Reached skill level 1 in Ice Magic
  7061 | D:7      | Found a staircase to the Ecumenical Temple.
  7196 | D:7      | Reached XP level 9. HP: 43/70 MP: 18/18
  8479 | D:8      | Reached skill level 5 in Spellcasting
  8511 | D:8      | Found a staircase to the Lair.
  8588 | D:8      | Reached skill level 7 in Unarmed Combat
  8689 | D:8      | Reached skill level 8 in Unarmed Combat
  9030 | D:8      | Noticed Prince Ribbit
  9037 | D:8      | Killed Prince Ribbit
  9269 | D:8      | Noticed a gargoyle
  9273 | D:8      | Killed a gargoyle
  9305 | D:8      | Noticed a gargoyle
  9310 | D:8      | Killed a gargoyle
  9311 | D:8      | Reached XP level 10. HP: 74/78 MP: 16/21
  9373 | D:8      | Reached skill level 9 in Unarmed Combat
  9814 | D:9      | Reached skill level 10 in Unarmed Combat
 10155 | D:9      | Identified a scroll of acquirement
 10156 | D:9      | Acquired the ring of the Harvest {rC+ Str+6 Dex+2}
 10389 | D:10     | Entered Level 10 of the Dungeon
 10495 | D:10     | Reached skill level 11 in Unarmed Combat
 10701 | D:10     | Reached skill level 5 in Fighting
 10788 | D:10     | Noticed Snorg
 10797 | D:10     | Killed Snorg
 10798 | D:10     | Reached XP level 11. HP: 79/86 MP: 16/22
 10851 | D:10     | Noticed Fannar
 10870 | D:10     | Killed Fannar
 10871 | D:10     | Reached skill level 12 in Unarmed Combat
 11426 | D:11     | Noticed a two-headed ogre
 11435 | D:11     | Killed a two-headed ogre
 11638 | D:11     | Noticed a deep elf pyromancer
 11697 | D:11     | Killed a deep elf pyromancer
 11888 | D:11     | Reached skill level 13 in Unarmed Combat
 11953 | D:11     | Learned a level 5 spell: Blade Hands
 12100 | D:11     | Noticed a four-headed hydra
 12414 | D:11     | You fall into a shaft and drop 3 floors!
 12614 | D:14     | Noticed a lindwurm
 12617 | D:14     | Noticed an iron troll
 12619 | D:14     | Killed a lindwurm
 12621 | D:14     | Noticed a vault guard
 12625 | D:14     | Killed an iron troll
 12626 | D:14     | Reached skill level 14 in Unarmed Combat
 12631 | D:14     | Killed a vault guard
 12705 | D:14     | Noticed Louise
 12774 | D:14     | Noticed a four-headed hydra
 12789 | D:14     | Killed a four-headed hydra
 12859 | D:14     | Noticed an orc knight
 12958 | D:13     | Noticed a centaur warrior
 12962 | D:13     | Killed a centaur warrior
 13054 | D:13     | Noticed a centaur warrior
 13061 | D:13     | Noticed a two-headed ogre
 13063 | D:13     | Killed a centaur warrior
 13064 | D:13     | Reached XP level 12. HP: 94/97 MP: 17/23
 13076 | D:13     | Killed a two-headed ogre
 13119 | D:13     | Noticed a centaur warrior
 13129 | D:13     | Killed a centaur warrior
 13404 | D:12     | Noticed a six-headed hydra
 13414 | D:12     | Killed a six-headed hydra
 13616 | D:12     | Noticed a two-headed ogre
 13623 | D:12     | Killed a two-headed ogre
 13624 | D:12     | Reached skill level 10 in Fighting
 13690 | D:12     | Noticed a five-headed hydra
 13784 | D:12     | Found a staircase to the Orcish Mines.
 14316 | D:13     | Reached skill level 15 in Unarmed Combat
 14428 | D:13     | Killed a five-headed hydra
 14632 | D:12     | Identified the ring "Zunassai" {Wiz rN++ Str-3 Dex+2
                  | Stlth+}
 14818 | D:11     | Killed a six-headed hydra
 15002 | D:11     | Reached XP level 13. HP: 80/114 MP: 22/24
 15476 | D:11     | Found a runed translucent door.
 15870 | D:12     | Identified the +4 ring mail "Dioviegh" {Str+3 Int+3}
 16217 | D:13     | Noticed Urug
 16234 | D:13     | Reached skill level 1 in Armour
 16271 | D:13     | Killed Urug
 16457 | D:14     | Paralysed by an orc sorcerer for 2 turns
 16756 | D:14     | Identified the +6 spear "Rousoog" {pain, Dex+2}
 16825 | D:14     | Killed Louise
 17091 | D:14     | Found a gate to the Vaults.
 17138 | D:15     | Entered Level 15 of the Dungeon
 17478 | Lair:1   | Entered Level 1 of the Lair of Beasts
 17499 | Lair:1   | Reached skill level 10 in Transmutations
 18334 | Lair:2   | Noticed Sonja
 18343 | Lair:2   | Killed Sonja
 18566 | Lair:2   | Learned a level 2 spell: Blink
 18694 | Lair:2   | Noticed Nergalle
 18703 | Lair:2   | Killed Nergalle
 18856 | Lair:2   | Reached XP level 14. HP: 112/122 MP: 23/27
 19033 | Lair:2   | Found a runed translucent door.
 19072 | Lair:2   | Noticed gabibbone's ghost (journeyman OpIE)
 19132 | Lair:2   | Found a staircase to the Snake Pit.
 19366 | Lair:2   | Killed gabibbone's ghost
 19521 | Lair:2   | Learned a level 7 spell: Dragon Form
 19786 | Lair:3   | Found a staircase to the Shoals.
 20759 | Lair:4   | Noticed Kirke
 20764 | Lair:4   | Killed Kirke
 20864 | Lair:4   | Found a staircase to the Slime Pits.
 21100 | Lair:4   | Found a runed translucent gate.
 21100 | Lair:4   | Found a runed translucent gate.
 21100 | Lair:4   | Found a runed translucent gate.
 21104 | Lair:4   | Noticed Narul's ghost (journeyman DsMo)
 21104 | Lair:4   | Noticed Narul's ghost (journeyman DsMo)
 21104 | Lair:4   | Noticed Xemekh's ghost (journeyman HOFi)
 21104 | Lair:4   | Noticed Atont's ghost (journeyman DDFi)
 21492 | Lair:4   | Killed Narul's ghost
 21494 | Lair:4   | Killed Narul's ghost
 21497 | Lair:4   | Killed Atont's ghost
 21502 | Lair:4   | Killed Xemekh's ghost
 21537 | Lair:4   | Identified the ring of Demons {rN+ Int+2 Dex-4 Slay+4
                  | Stlth+}
 21571 | Lair:4   | Got the Handbook of the Trout
 21601 | Lair:5   | Entered Level 5 of the Lair of Beasts
 21882 | Lair:5   | Reached skill level 15 in Transmutations
 22408 | Lair:5   | Noticed gabibbone's ghost (journeyman DjVM)
 22418 | Lair:5   | Found a runed translucent door.
 22588 | Lair:5   | Reached skill level 16 in Unarmed Combat
 22708 | Lair:5   | Reached XP level 15. HP: 128/128 MP: 14/28
 22824 | Lair:5   | Gained mutation: You are clumsy. (Dex -2) [a neqoxec]
 22915 | Lair:5   | Learned a level 3 spell: Ozocubu's Armour
 23216 | Lair:5   | Killed gabibbone's ghost
 23770 | D:15     | Paralysed by a floating eye for 4 turns
 23903 | D:15     | Found a staircase to the Depths.
 24003 | D:15     | Noticed Agnes
 24028 | D:15     | Reached skill level 17 in Unarmed Combat
 24031 | D:15     | Killed Agnes
 24418 | Orc:1    | Entered Level 1 of the Orcish Mines
 24847 | Orc:2    | Entered Level 2 of the Orcish Mines
 24847 | Orc:2    | Found Cyaps's Assorted Antiques.
 24847 | Orc:2    | Found Tose's Book Shoppe.
 24847 | Orc:2    | Found Udywugg's Book Emporium.
 24858 | Orc:2    | Found Yfrom's Book Shoppe.
 25124 | Orc:2    | Found a staircase to the Elven Halls.
 25813 | Snake:1  | Entered Level 1 of the Snake Pit
 26520 | Snake:1  | Found Etuu's Magic Scroll Boutique.
 26525 | Snake:1  | Found Lofobbi's Distillery.
 26528 | Snake:1  | Bought a scroll of teleportation for 39 gold pieces
 26535 | Snake:1  | Bought a potion of magic for 120 gold pieces
 26535 | Snake:1  | Bought a potion of curing for 45 gold pieces
 26535 | Snake:1  | Bought 2 potions of mutation for 240 gold pieces
 26535 | Snake:1  | Bought a potion of heal wounds for 75 gold pieces
 26535 | Snake:1  | Bought a potion of brilliance for 60 gold pieces
 26535 | Snake:1  | Bought a potion of haste for 150 gold pieces
 26535 | Snake:1  | Lost mutation: You are clumsy. (Dex -2) [potion of
                  | mutation]
 26535 | Snake:1  | Gained mutation: You are strong-willed. (Will+) [potion of
                  | mutation]
 26535 | Snake:1  | Gained mutation: Armour fits poorly on your strangely
                  | shaped body. [potion of mutation]
 26535 | Snake:1  | Gained mutation: You are partially covered in iridescent
                  | scales. (AC +2) [potion of mutation]
 26536 | Snake:1  | Lost mutation: You are partially covered in iridescent
                  | scales. (AC +2) [potion of mutation]
 26536 | Snake:1  | Lost mutation: You are strong-willed. (Will+) [potion of
                  | mutation]
 26536 | Snake:1  | Lost mutation: Armour fits poorly on your strangely shaped
                  | body. [potion of mutation]
 26536 | Snake:1  | Gained mutation: You occasionally lose the ability to read
                  | scrolls when taking damage. [potion of mutation]
 26536 | Snake:1  | Gained mutation: You have a pair of small horns on your
                  | head. [potion of mutation]
 26537 | Snake:1  | Lost mutation: You occasionally lose the ability to read
                  | scrolls when taking damage. [potion of mutation]
 26537 | Snake:1  | Lost mutation: You have a pair of small horns on your head.
                  | [potion of mutation]
 26537 | Snake:1  | Gained mutation: Your muscles are strong. (Str +4, Int/Dex
                  | -1) [potion of mutation]
 26537 | Snake:1  | Gained mutation: Your muscles are very strong. (Str +8,
                  | Int/Dex -2) [potion of mutation]
 26537 | Snake:1  | Gained mutation: You have a pair of small antennae on your
                  | head. [potion of mutation]
 27433 | Snake:1  | Learned a level 5 spell: Manifold Assault
 27578 | Snake:2  | Reached skill level 1 in Translocations
 28199 | Snake:2  | Found a runed translucent gate.
 28200 | Snake:2  | Found a runed translucent gate.
 28201 | Snake:2  | Found a runed translucent gate.
 28202 | Snake:2  | Noticed Voveif's ghost (adept VSFi)
 28202 | Snake:2  | Noticed Sinlucw's ghost (adept DsBe)
 28203 | Snake:2  | Noticed Tuatum's ghost (adept TrCA)
 28204 | Snake:2  | Noticed Kovve's ghost (adept HuCj)
 28525 | Snake:2  | Killed Voveif's ghost
 28532 | Snake:2  | Killed Sinlucw's ghost
 28534 | Snake:2  | Killed Tuatum's ghost
 28535 | Snake:2  | Reached skill level 5 in Translocations
 28539 | Snake:2  | Killed Kovve's ghost
 28732 | Snake:3  | Reached XP level 16. HP: 136/136 MP: 24/32
 29309 | Snake:3  | Got the Treatise on Beguiling and Darkness
 29760 | Snake:3  | Found Jeluoff's General Store.
 29763 | Snake:3  | Bought a scroll of blinking for 150 gold pieces
 29763 | Snake:3  | Bought 2 potions of curing for 120 gold pieces
 29763 | Snake:3  | Bought a scroll of teleportation for 60 gold pieces
 30369 | Snake:4  | Entered Level 4 of the Snake Pit
 30379 | Snake:4  | Reached skill level 18 in Unarmed Combat
 31486 | Snake:4  | Reached skill level 19 in Unarmed Combat
 31742 | Snake:4  | Got a serpentine rune of Zot
 31872 | Snake:4  | Got the Volume of the Chill and Permutations
 32278 | Snake:1  | Learned a level 2 spell: Passwall
 32361 | Shoals:1 | Entered Level 1 of the Shoals
 32532 | Shoals:1 | Reached XP level 17. HP: 144/144 MP: 17/34
 32674 | Shoals:1 | Reached skill level 20 in Unarmed Combat
 33320 | Shoals:1 | Found Unaini Lyru's Jewellery Shop.
 33333 | Shoals:1 | Bought an amulet of reflection for 570 gold pieces
 33341 | Shoals:1 | Found a transporter.
 33365 | Shoals:1 | Found a transporter.
 33365 | Shoals:1 | Noticed eyesofgods1's ghost (adept DsGl)
 33509 | Shoals:1 | Identified the ring of Satisfaction {EV+4 Int+3}
 33918 | Shoals:1 | Identified the +3 sling of the Dragonfly {speed, rF+}
 34104 | Shoals:1 | Killed eyesofgods1's ghost
 34769 | Shoals:2 | Reached skill level 5 in Dodging
 34856 | Shoals:2 | Noticed Polyphemus
 34879 | Shoals:2 | Killed Polyphemus
 36750 | Shoals:3 | Found a frozen archway.
 37087 | IceCv    | Entered an ice cave
 37777 | IceCv    | Noticed a lich
 37787 | IceCv    | Killed a lich
 38369 | Shoals:3 | Found a runed translucent gate.
 38369 | Shoals:3 | Found a runed translucent gate.
 38944 | Shoals:3 | Found a runed translucent gate.
 38945 | Shoals:3 | Noticed Subbak's ghost (adept DEAM)
 38991 | Shoals:3 | Killed Subbak's ghost
 38998 | Shoals:3 | Reached XP level 18. HP: 150/150 MP: 24/35
 39214 | Shoals:4 | Entered Level 4 of the Shoals
 39767 | Shoals:4 | Found a runed translucent gate.
 39768 | Shoals:4 | Found a runed translucent gate.
 39772 | Shoals:4 | Found a runed translucent gate.
 39773 | Shoals:4 | Noticed theanonym's ghost (adept MiCA)
 39774 | Shoals:4 | Found Xanovej's Assorted Antiques.
 39783 | Shoals:4 | Reached skill level 21 in Unarmed Combat
 40777 | Shoals:4 | Killed theanonym's ghost
 41151 | Shoals:4 | Found Ellu's Magic Scroll Emporium.
 41166 | Shoals:4 | Identified the +9 demon trident of the Screaming Rat
                  | {freeze, Will+ rCorr}
 41172 | Shoals:4 | Bought a scroll of fear for 52 gold pieces
 41172 | Shoals:4 | Bought a scroll of blinking for 97 gold pieces
 41488 | Shoals:4 | Got a barnacled rune of Zot
 42047 | Shoals:4 | Found the +10 morningstar "Eos" {elec, Halo rElec}
 42550 | Vaults:1 | Entered Level 1 of the Vaults
 42752 | Vaults:1 | Reached skill level 22 in Unarmed Combat
 44651 | Vaults:2 | Reached skill level 23 in Unarmed Combat
 44932 | Vaults:2 | Reached XP level 19. HP: 160/160 MP: 29/36
 46129 | Vaults:2 | Reached skill level 10 in Spellcasting
 49315 | Vaults:3 | Noticed Donald
 49328 | Vaults:3 | Killed Donald
 49546 | Vaults:3 | Noticed Saint Roka
 49574 | Vaults:3 | Killed Saint Roka
 49714 | Vaults:3 | Identified the +3 kite shield of the Kettle-Drum {Will+
                  | rCorr Dex+5 Stlth-}
 49714 | Vaults:3 | Noticed Asterion
 49722 | Vaults:3 | Killed Asterion
 49889 | Vaults:3 | Reached skill level 15 in Fighting
 49917 | Vaults:3 | Found a staircase to the Crypt.
 50111 | Vaults:3 | Identified the +3 hat of Xurratao {Will+}
 50116 | Vaults:3 | Identified the +0 robe of Insurance {Rampage Dex+4}
 50378 | Vaults:3 | Reached XP level 20. HP: 74/179 MP: 40/40
 51693 | Vaults:4 | Noticed Zenata
 51697 | Vaults:4 | Killed Zenata
 53236 | Vaults:4 | Paralysed by a great orb of eyes for 5 turns
 53299 | Vaults:4 | Noticed Boris
 53302 | Vaults:4 | Killed Boris
 53743 | Vaults:4 | Found Olyecutyxto's General Store.
 53752 | Vaults:4 | Bought a potion of curing for 36 gold pieces
 54057 | Vaults:5 | Entered Level 5 of the Vaults
 54205 | Vaults:5 | Noticed an ancient lich
 54210 | Vaults:5 | Noticed a dread lich
 54461 | Vaults:5 | Killed a dread lich
 54462 | Vaults:5 | Killed an ancient lich
 54862 | Vaults:5 | Reached XP level 21. HP: 195/195 MP: 30/41
 55098 | Vaults:5 | Identified the +2 robe of the Arcane {+Inv rCorr}
 55098 | Vaults:5 | Identified the ring of Kadwaff {rPois Str+6}
 55124 | Vaults:5 | Noticed a golden dragon
 55130 | Vaults:5 | Killed a golden dragon
 55131 | Vaults:5 | Reached skill level 24 in Unarmed Combat
 56310 | Abyss:2  | Cast into level 2 of the Abyss (a deep elf demonologist)
 56383 | Abyss:2  | Gained mutation: Your body sometimes deteriorates upon
                  | taking damage. [mutagenic glow]
 56395 | Abyss:2  | Lost mutation: Your body sometimes deteriorates upon taking
                  | damage. [mutagenic glow]
 56635 | Vaults:5 | Escaped the Abyss
 56651 | Vaults:5 | Got a silver rune of Zot
 56701 | Vaults:5 | Identified the +8 spear of the Shimmering Firefly {spect,
                  | Str+6 Int-4}
 56827 | Vaults:5 | Identified the ring "Facamysi" {rN+ MP+9}
 56832 | Vaults:5 | Reached skill level 25 in Unarmed Combat
 57498 | Crypt:1  | Entered Level 1 of the Crypt
 58793 | Crypt:2  | Reached XP level 22. HP: 206/206 MP: 42/42
 58999 | Crypt:2  | Identified the +1 scimitar of Geobafu {freeze, rF- Int+5}
 59226 | Crypt:2  | Reached skill level 26 in Unarmed Combat
 59302 | Crypt:2  | Identified the +3 ring mail of Wirotabo {rC+ Str+6 Slay-4}
 59582 | Crypt:3  | Entered Level 3 of the Crypt
 59834 | Crypt:3  | Found a staircase to the Tomb.
 60182 | Crypt:3  | Noticed an ancient lich
 60187 | Crypt:3  | Killed an ancient lich
 60651 | Crypt:3  | Identified the ring of Jituof {+Blink rCorr Str+3}
 61254 | Depths:1 | Entered Level 1 of the Depths
 61451 | Depths:1 | Found a one-way gate to the infinite horrors of the Abyss.
 61497 | Depths:1 | Found Emeir's Book Emporium.
 61497 | Depths:1 | Found Coleng's Assorted Antiques.
 61498 | Depths:1 | Found Jauj Tai's Magic Scroll Shoppe.
 61502 | Depths:1 | Bought a scroll of teleportation for 45 gold pieces
 61502 | Depths:1 | Bought a scroll of blinking for 112 gold pieces
 61502 | Depths:1 | Found Ruuwnoso's Magic Scroll Emporium.
 61508 | Depths:1 | Bought a scroll of teleportation for 48 gold pieces
 61508 | Depths:1 | Bought a scroll of fear for 64 gold pieces
 61508 | Depths:1 | Bought a scroll of summoning for 152 gold pieces
 61508 | Depths:1 | Bought a scroll of magic mapping for 120 gold pieces
 61511 | Depths:1 | Bought 2 potions of heal wounds for 350 gold pieces
 61925 | Depths:1 | Reached skill level 27 in Unarmed Combat
 61933 | Depths:1 | Found a gateway to Hell.
 62146 | Depths:2 | Mangled by a white very ugly thing

Illustrated notes

Levels and vault maps discovered:
D:1:      minmay_arrival_open_corners, layout_basic,
          shapermc_ecumenical_altar_ellora, chequers_serial_rivers_small_3
D:2:      layout_basic
D:3:      layout_rooms, kennysheep_small_spiral, dreamdust_princess_corridor,
          kennysheep_minor_cross, st_stairs_9, chequers_serial_rivers_micro_c
D:4:      due_chaos_kobolds, layout_loops_corners, nemelex_spade_bored_becter,
          elyvilon_altar_3, chequers_garden
D:5:      layout_rooms, grunt_temple_overflow_champion_of_chaos,
          riverfiend_overflow_shadow_ancestor, serial_undead, serial_undead_f,
          serial_undead_b, serial_undead_f, serial_undead_d,
          kennysheep_small_circle, uniq_eustachio
D:6:      layout_loops_ring, kennysheep_okawaru_gauntlet, old_standard_altar,
          enter_ossuary_3
D:7:      layout_rooms, nicolae_overflow_hallway_of_the_gods,
          minmay_temple_entry_wispy, nrook_mini_backslash
D:8:      cheibrodos_statue_roulette, layout_loops_cross, lair_entry_dummy,
          serial_glass, glass_columns_b, glass_columns_a, uniq_prince_ribbit1
D:9:      layout_basic, hangedman_decor_clover_reticule
D:10:     layout_roguey, led_sif_pool, minmay_misc_feat_nine_boxes,
          kennysheep_crisscross, uniq_fannar, uniq_snorg
D:11:     minmay_the_grid_four_pointed_star_mashed
          [minmay_the_grid_triangle_9x9_corrupted_corridor,
          minmay_the_grid_triangle_9x9_minimal,
          minmay_the_grid_triangle_9x9_subtriangle,
          minmay_the_grid_triangle_9x9_windchime,
          minmay_the_grid_prize_four_corners], layout_long_grid
D:12:     layout_cave_pools, orc_0_dummy, kennysheep_nondescript,
          nicolae_eternal_life
D:13:     layout_rooms, chequers_avenue, nicolae_vehumet_radiance, uniq_urug
D:14:     layout_big_octagon, david_vaults_4, kennysheep_two_boxes, uniq_louise
D:15:     grunt_enter_depths_giant_problem, layout_gridville, uniq_agnes
Lair:1:   layout_loops_ring, grunt_megastairs_4
Lair:2:   layout_chaotic_city, minmay_snake_entry_six_corridors,
          ebering_ghost_inner_flame, uniq_sonja, uniq_nergalle
Lair:3:   layout_roguey, elwin_shoals_entry_rocks, cheibrodos_lair_lostbears,
          lemuel_fruit_tree, infiniplex_staircase_pool_2
Lair:4:   layout_cave_pods, minmay_slime_entry_pillars,
          gammafunk_ghost_cemetery, chequers_serial_rivers_small_a,
          serial_bayou_pond_a, uniq_kirke
Lair:5:   due_jungle_book, layout_gridlike, hellmonk_ghost_happy_afterlife,
          serial_bayou_lagoon_b
Shoals:1: layout_shoals, ebering_ghost_davey_jones,
          minmay_shop_enchanted_jewellery, nicolae_shoals_raging_river
Shoals:2: layout_shoals, st_sunken_temple, uniq_polyphemus
Shoals:3: layout_shoals, gammafunk_ghost_necromancy,
          portal_ice_cave_entry_ice_statue_two, nicolae_shoals_hunting_party
Shoals:4: shoals_end_grunt_ice, layout_shoals, serial_shops, shop,
          ebering_ghost_gozag, nicolae_shoals_this_corrosion
Snake:1:  layout_basic, basic_altar, minmay_shop_star
Snake:2:  layout_onion_interference, gammafunk_ghost_cemetery,
          grunt_ministairs_1, serial_bayou_shore_a
Snake:3:  layout_layer_cave, serial_shops, nicolae_shop_window_shopping,
          hangedman_snake_corridor_cut
Snake:4:  grunt_snake_rune_pools, layout_gridlike, nicolae_integral_box
Orc:1:    layout_caves
Orc:2:    st_orc_mages, layout_caves
Vaults:1: mu_enter_wizlab_3, v_misc_2, v_misc_30,
          nicolae_vaults_disjoint_gnomons, vaults_dpeg_cross,
          ontoclasm_vaults_hangar, nicolae_vaults_border_crossing,
          ontoclasm_vaults_loading_screen, vaults_room_pool,
          layout_vaults_omnicross
Vaults:2: vaults_dpeg_spiral, hangedman_vaults_capsules,
          ontoclasm_vaults_misaligned, v_misc_1, st_cells, vaults_room_boxed,
          ontoclasm_vaults_hangar, vaults_room_ringed_pool, v_misc_19,
          nicolae_vaults_what_the_h, v_misc_9, hangedman_vaults_impose,
          grunt_vaults_hallway_short, ontoclasm_vaults_pinch,
          vaults_room_door_hall, grunt_vaults_hallway_long, layout_vaults_maze
Vaults:3: nicolae_vaults_little_squares_5, vaults_dpeg_doors,
          blue_anna_dwarven_crypt, vaults_mumra_hex, v_rooms_3,
          grunt_vaults_diagonal, hangedman_vaults_unwind, vaults_dpeg_hooks,
          hangedman_vaults_slither, grunt_tower_of_power,
          nicolae_vaults_diagonal_hallway_7, nicolae_vaults_little_squares_6,
          layout_vaults_omnigrid, uniq_donald, uniq_asterion, uniq_saint_roka
Vaults:4: v_rooms_6, hangedman_vaults_stagger, grunt_vaults_focal, v_rooms_6,
          hangedman_vaults_corner, v_pattern_5, ontoclasm_vaults_chip,
          nicolae_vaults_specimen_jars, vaults_dpeg_ring, vaults_room_door_ring,
          ontoclasm_vaults_loading_screen, layout_vaults_chaotic_city,
          serial_shops, nicolae_lakefront_shop, uniq_zenata, uniq_boris
Vaults:5: serial_shops
Crypt:1:  layout_gridlike, grunt_megastairs_5
Crypt:2:  layout_regular_city, basic_altar, lemuel_upstairs_altar
Crypt:3:  cryptofortress_bobbens
Depths:1: layout_gridville, abyss_entry_small_statue_room, hellmouth_2,
          nicolae_ru_awakened_eye, beargit_elvish_explorers, minmay_shoptagon
Depths:2: kennysheep_green_arena, layout_basic, grunt_pan_entry_in_and_out,
          hellmonk_bongcloud_opening, hell_entry, infiniplex_staircase_river

Skill      XL: |  1  2  3  4  5  6  7  8  9 10 11 12 13 14 15 16 17 18 19 20 21 22 |
---------------+-------------------------------------------------------------------+-----
Fighting       | 1 2 3 4 5 6 10 11 15 18 19 | 19.8
Unarmed Combat | 3 4 5 6 8 11 14 15 16 17 19 20 23 25 27 | 27.0
Transmutations | 2 4 7 8 11 15 | 15.2
Spellcasting   | 2 3 4 5 6 8 10 | 10.6
Ice Magic      | 2 3 |  3.4
Armour         | 4 |  4.1
Translocations | 5 8 |  8.1
Dodging        | 9 |  9.6

Action                   |  1- 3 |  4- 6 |  7- 9 | 10-12 | 13-15 | 16-18 | 19-21 | 22-24 || total
-------------------------+-------+-------+-------+-------+-------+-------+-------+-------++-------
Melee: Unarmed           |    92 |   123 |   348 |   326 |   692 |   868 |   796 |   252 ||  3497
       Kick              |    13 |    24 |    33 |       |       |       |       |       ||    70
       Headbutt          |     6 |     8 |    14 |       |       |       |       |       ||    28
       Punch             |     3 |     3 |    13 |    19 |    65 |    61 |    94 |    28 ||   286
       Tailslap          |       |       |       |       |    66 |    86 |   113 |    35 ||   300
       Bite              |       |       |       |       |    50 |    78 |    70 |    17 ||   215
 Cast: Beastly Appendage |    16 |    19 |    15 |     1 |     1 |     1 |       |       ||    53
       Wereblood         |       |     9 |    14 |    12 |    26 |    14 |     5 |     3 ||    83
       Ice Form          |       |       |     8 |    27 |     4 |       |       |     1 ||    40
       Blade Hands       |       |       |       |    30 |    40 |     1 |       |       ||    71
       Dragon Form       |       |       |       |       |    63 |   107 |    79 |    24 ||   273
       Ozocubu's Armour  |       |       |       |       |     4 |     4 |     4 |     2 ||    14
       Manifold Assault  |       |       |       |       |     1 |   120 |    60 |    11 ||   192
 Abil: End Transformatio |       |       |       |     1 |     3 |       |     1 |     1 ||     6
       Breathe Fire      |       |       |       |       |     2 |     3 |     2 |       ||     7
Evoke: Wand              |       |       |       |       |     2 |     1 |       |       ||     3
  Use: Scroll            |     6 |     7 |     3 |    10 |    17 |     8 |     6 |       ||    57
       Potion            |       |       |     4 |     1 |     4 |     4 |     3 |       ||    16
 Stab: Sleeping          |     1 |     1 |       |     1 |     3 |       |       |     1 ||     7
       Distracted        |       |       |       |       |     1 |       |     2 |       ||     3
       Petrified         |       |       |       |       |       |     3 |       |       ||     3
Armor: Robe              |    16 |    28 |    84 |    41 |     3 |       |       |       ||   172
       Skin              |       |       |    10 |    39 |   214 |   259 |   211 |    70 ||   803
       Ring mail         |       |       |       |       |    70 |     7 |    11 |     1 ||    89
Dodge: Dodged            |    52 |    80 |   179 |   148 |   244 |   222 |   191 |    61 ||  1177
Block: Other             |       |       |       |       |       |    78 |    76 |       ||   154
       Reflection        |       |       |       |       |       |     7 |    18 |       ||    25

Table legend: (Time is in decaauts)
 A = Elapsed time spent in this place.
 B = Non-inter-level travel time spent in this place.
 C = Inter-level travel time spent in this place.
 D = Time resting spent in this place.
 E = Time spent auto-exploring this place.
 F = Levels seen in this place.
 G = Mean time per level.
                   A        B        C        D        E       F      G
               +--------+--------+--------+--------+--------+-----+--------+
         Total |  61465 |  58575 |   2890 |   9474 |  38451 |  44 | 1396.9 |
       Dungeon |  18341 |  17006 |   1335 |   2971 |  10834 |  15 | 1222.7 |
          Lair |   6427 |   6058 |    369 |    738 |   4331 |   5 | 1285.4 |
        Shoals |   8591 |   8303 |    288 |   1831 |   4959 |   4 | 2147.8 |
     Snake Pit |   6410 |   6101 |    309 |   1060 |   3807 |   4 | 1602.5 |
  Orcish Mines |   1226 |   1196 |     30 |     82 |    761 |   2 |  613.0 |
        Vaults |  14562 |  14149 |    413 |   2398 |   9937 |   5 | 2912.4 |
         Crypt |   3378 |   3278 |    100 |      0 |   2638 |   3 | 1126.0 |
        Depths |    861 |    818 |     43 |      0 |    644 |   2 |  430.5 |
         Abyss |    307 |    307 |      0 |      0 |     12 |   2 |  153.5 |
       Ossuary |    414 |    414 |      0 |     51 |    265 |   1 |  414.0 |
      Ice Cave |    944 |    944 |      0 |    343 |    262 |   1 |  944.0 |
               +--------+--------+--------+--------+--------+-----+--------+

Top non-repeatable levels by time:
Vaults:3: 3636 daAuts
Vaults:4: 3465 daAuts
Vaults:2: 3254 daAuts
Shoals:3: 2164 daAuts
Vaults:5: 2161 daAuts
Shoals:4: 2146 daAuts
Shoals:1: 2143 daAuts
Shoals:2: 2136 daAuts
Vaults:1: 2045 daAuts
    D:11: 1854 daAuts
 Snake:4: 1818 daAuts
    D:13: 1697 daAuts
  Lair:5: 1663 daAuts
 Snake:1: 1637 daAuts
 Snake:3: 1618 daAuts
